 Dungeon Sprint DCSS version 0.29-a0-338-g1ff7896281 (webtiles) character file.

Game seed: 17843547188975571383

77 HendSelp the Destroyer (level 4, -4/24 HPs)
             Began as a Deep Elf Conjurer on Apr 18, 2022.
             Was an Initiate of Sif Muna.
             Slain by a two-headed ogre
             ... wielding a +0 giant club
              (28 damage)
             ... in the Dungeon (Sprint IX: "|||||||||||||||||||||||||||||").
             The game lasted 00:01:45 (367 turns).

HendSelp the Destroyer (Deep Elf Conjurer)           Turns: 367, Time: 00:01:45

Health: -4/24      AC:  4    Str:  4    XL:     4   Next: 13%
Magic:  1/12       EV: 14    Int: 25    God:    Sif Muna [......]
Gold:   0          SH:  0    Dex: 16    Spells: 1/12 levels left

rFire   . . .      SeeInvis .   (no weapon)
rCold   . . .      Faith    .   (no shield)
rNeg    . . .      Spirit   .   a - +0 robe
rPois   .          Reflect  .   (no helmet)
rElec   .          Harm     .   (no cloak)
rCorr   .          Rampage  .   j - +0 pair of gloves
Will    .....      NoTele   +   k - +0 pair of boots
Stlth   ++........              (no amulet)
HPRegen 0.08/turn               l - +3 ring of dexterity
MPRegen 0.13/turn               m - +2 ring of evasion

@: no status effects
A: no striking features
a: Renounce Religion


You were in the Dungeon.
You worshipped Sif Muna.
Sif Muna was noncommittal.
You visited 1 branch

Inventory:

Armour
 a - a +0 robe (worn)
 j - a +0 pair of gloves (worn)
 k - a +0 pair of boots (worn)
Jewellery
 l - a +3 ring of dexterity (left hand)
 m - a +2 ring of evasion (right hand)
Wands
 i - a wand of iceblast (10)
Scrolls
 g - 2 scrolls of amnesia
Potions
 b - 3 potions of magic
 c - a potion of invisibility
 d - 2 potions of heal wounds
 e - a potion of haste
 f - 4 potions of curing


   Skills:
 - Level 2.4 Dodging
 - Level 2.4 Stealth
 * Level 4.8 Spellcasting
 * Level 9.4 Conjurations


You had one spell level left.
You knew the following spells:

 Your Spells              Type           Power      Damage    Failure   Level
a - Magic Dart            Conj           100%       1d8       1%          1
b - Searing Ray           Conj           100%       2d8       1%          2
c - Fulminant Prism       Conj/Hex       14%        3d9       12%         4
d - Iskenderun's Mystic   Conj/Tloc      29%        2d7       12%         4

Your spell library contained the following spells:

 Spells                   Type           Power      Damage    Failure   Level
 Dazzling Flash           Conj/Hex       58%        N/A       3%          3


Dungeon Overview and Level Annotations

Branches:
Dungeon (1/1)

Altars:
Cheibriados
Dithmenos
Elyvilon
Fedhas
Gozag
Hepliaklqana
Kikubaaqudgha
Makhleb
Nemelex Xobeh
Okawaru
Qazlal
Ru
Sif Muna
Trog
Uskayaw
Vehumet
Wu Jian
Xom
Yredelemnul
Zin
The Shining One
Beogh
Jiyva
Lugonu


Message History

Blink to where?
Press: ? - help, Dir - move target
As you read the scroll of blinking, it crumbles to dust.
Casting: Magic Dart (safe; 1% risk of failure)
Confirm with . or Enter, or press ? or * to list all spells.
The spell is extremely dangerous to miscast (12% risk of failure)!
Continue anyway?
You erupt in a blast of force!
Casting: Iskenderun's Mystic Blast (extremely dangerous; 12% risk of failure)
Confirm with . or Enter, or press ? or * to list all spells.
The spell is extremely dangerous to miscast (12% risk of failure)!
Continue anyway?
Aiming: Fulminant Prism (extremely dangerous; 12% risk of failure)
Press: ? - help, Dir - move target You conjure a prism of explosive energy!
A fulminant prism comes into view.
Your fulminant prism crackles loudly.
Your fulminant prism explodes!
The blast of energy engulfs the two-headed ogre!!
The two-headed ogre is heavily wounded.
Unknown command.
Unknown command.
Casting: Fulminant Prism (extremely dangerous; 12% risk of failure)
Confirm with . or Enter, or press ? or * to list all spells.
Aiming: Searing Ray (safe; 1% risk of failure)
Press: ? - help, Shift-Dir - straight line, f - two-headed ogre
Aim: a two-headed ogre, wielding two +0 giant clubs (heavily wounded, 92% to hit)
The searing ray hits the two-headed ogre.
The two-headed ogre is heavily wounded. (Press . to maintain the ray.)
The searing ray hits the two-headed ogre.
The two-headed ogre is heavily wounded.
Unknown command.
The searing ray hits the two-headed ogre.
The two-headed ogre is severely wounded.
The searing ray hits the troll.
The troll is lightly wounded.
Unknown command.
Without enough magic to sustain it, your searing ray dissipates.
The two-headed ogre hits you with a +0 giant club!!
Ouch! That really hurt!
You die...

▓_▓
▓_▓
▓_▓
▓_▓
▓_▓
▓_▓
▓_▓
▓'▓
▓@▓
▓O▓
▓T▓
▓.▓
▓.▓
▓.▓
▓[▓
▓9▓
▓.▓


You could see a two-headed ogre, a troll and a gargoyle.

Vanquished Creatures
  A hound (D)
  An iguana (D)
  An adder (D)
  A worm (D)
  A dart slug (D)
  An orc (D)
  A bat (D)
  A hobgoblin (D)
  2 kobolds (D)
10 creatures vanquished.

Vanquished Creatures (others)
  A fulminant prism (D)
1 creature vanquished.

Grand Total: 11 creatures vanquished

Notes
Turn   | Place    | Note
-------+----------+-------------------------------------------
     0 | D        | HendSelp the Deep Elf Conjurer began the quest for the Orb.
     0 | D        | Reached XP level 1. HP: 10/10 MP: 6/6
     6 | D        | Reached skill level 5 in Conjurations
    15 | D        | Reached skill level 6 in Conjurations
    51 | D        | Noticed an iguana
    51 | D        | Noticed a hound
    60 | D        | Killed an iguana
    61 | D        | Reached skill level 7 in Conjurations
    61 | D        | Reached XP level 2. HP: 4/15 MP: 3/9
    61 | D        | Reached XP level 3. HP: 5/19 MP: 3/10
    74 | D        | Reached skill level 8 in Conjurations
    84 | D        | Reached skill level 9 in Conjurations
    84 | D        | Reached XP level 4. HP: 8/24 MP: 2/12
   277 | D        | Learned a level 2 spell: Searing Ray
   291 | D        | Found a snail-covered altar of Cheibriados.
   291 | D        | Found a shadowy altar of Dithmenos.
   291 | D        | Found a white marble altar of Elyvilon.
   291 | D        | Found a blossoming altar of Fedhas.
   291 | D        | Found an opulent altar of Gozag.
   292 | D        | Found a hazy altar of Hepliaklqana.
   293 | D        | Found a viscous altar of Jiyva.
   294 | D        | Found an ancient bone altar of Kikubaaqudgha.
   295 | D        | Found a corrupted altar of Lugonu.
   296 | D        | Found a burning altar of Makhleb.
   297 | D        | Found a sparkling altar of Nemelex Xobeh.
   298 | D        | Found an iron altar of Okawaru.
   299 | D        | Found a stormy altar of Qazlal.
   300 | D        | Found a sacrificial altar of Ru.
   301 | D        | Found a shimmering blue altar of Sif Muna.
   302 | D        | Found a bloodstained altar of Trog.
   303 | D        | Found a hide-covered altar of Uskayaw.
   304 | D        | Found a radiant altar of Vehumet.
   305 | D        | Found an ornate altar of the Wu Jian Council.
   306 | D        | Found a shimmering altar of Xom.
   307 | D        | Found a basalt altar of Yredelemnul.
   308 | D        | Found a glowing silver altar of Zin.
   309 | D        | Became a worshipper of Sif Muna the Loreminder
   310 | D        | Found a glowing golden altar of the Shining One.
   353 | D        | Learned a level 4 spell: Fulminant Prism
   358 | D        | Learned a level 4 spell: Iskenderun's Mystic Blast
   358 | D        | Noticed a two-headed ogre
   358 | D        | Noticed a troll
   358 | D        | Noticed a gargoyle
   358 | D        | Noticed a shadow
   367 | D        | Slain by a two-headed ogre

Illustrated notes

Levels and vault maps discovered:
D:        linesprint [early_d, line_temple, items_1, d_10, items_2, lair_1,
          lair_end, items_3, orc_1, orc_end, items_4, d_15, swamp_1, shoals_1,
          snake_1, spider_1, d_20, vaults_1, items_5, swamp_end, shoals_end,
          snake_end, spider_end, vaults_end, d_27, items_6, zot_1, zot_end,
          crypt_end, forest_end, elf_end, slime_end, tomb_end, abyss_end,
          pan_hell_end]

Skill      XL: |  1  2  3 |
---------------+----------+-----
Conjurations   | 7 9 |  9.4
Spellcasting   | 4 |  4.8
Dodging        | |  2.4
Stealth        | |  2.4

Action                   |  1- 3 |  4- 6 || total
-------------------------+-------+-------++-------
Melee: Unarmed           |     4 |       ||     4
 Cast: Magic Dart        |    27 |       ||    27
       Iskenderun's Myst |       |     1 ||     1
       Fulminant Prism   |       |     1 ||     1
       Searing Ray       |       |     1 ||     1
  Use: Potion            |     5 |       ||     5
       Scroll            |     1 |     1 ||     2
Armor: Robe              |     2 |       ||     2
Dodge: Dodged            |    18 |       ||    18

Table legend: (Time is in decaauts)
 A = Elapsed time spent in this place.
 B = Non-inter-level travel time spent in this place.
 C = Inter-level travel time spent in this place.
 D = Time resting spent in this place.
 E = Time spent auto-exploring this place.
 F = Levels seen in this place.
 G = Mean time per level.
                   A        B        C        D        E       F      G
               +--------+--------+--------+--------+--------+-----+--------+
         Total |    373 |    373 |      0 |    222 |      0 |   1 |  373.0 |
       Dungeon |    373 |    373 |      0 |    222 |      0 |   1 |  373.0 |
               +--------+--------+--------+--------+--------+-----+--------+

Top non-repeatable levels by time:
       D: 373 daAuts
